 Dungeon Crawl Stone Soup version 0.19-a0-994-g3c636f0 (webtiles) character file.

109 Goblin1989 the Twirler (level 4, -9/33 HPs)
             Began as a Demonspawn Gladiator on July 16, 2016.
             Was an Initiate of Hepliaklqana.
             Killed by divine providence
             ... invoked by an orc priest
              (12 damage)
             ... on level 3 of the Dungeon.
             The game lasted 00:03:55 (2661 turns).

Goblin1989 the Twirler (Demonspawn Gladiator)       Turns: 2661, Time: 00:03:56

Health: -9/33      AC:  5    Str: 17    XL:     4   Next: 59%
Magic:  4/4        EV: 12    Int:  9    God:    Hepliaklqana [......]
Gold:   58         SH:  0    Dex: 13    Spells: 0 memorised, 3 levels left

rFire  . . .     SeeInvis .     a - +0 quarterstaff
rCold  . . .     Gourm    .     b - +0 leather armour
rNeg   . . .     Faith    .     (shield currently unavailable)
rPois  .         Spirit   .     c - +0 helmet
rElec  .         Dismiss  .     (no cloak)
rCorr  .         Reflect  .     (no gloves)
SustAt .         Harm     .     (no boots)
MR     .....                    (no amulet)
Stlth  +.........               (no ring)
                                (no ring)

@: not resistant to hostile enchantments, very unstealthy
A: hooves 1, rugged brown scales 1
a: Recall Ancestor, Ancestor Identity, Renounce Religion


You were on level 3 of the Dungeon.
You worshipped Hepliaklqana.
Hepliaklqana was noncommittal.
You were very hungry.

You visited 1 branch of the dungeon, and saw 3 of its levels.

You collected 58 gold pieces.

Inventory:

Hand Weapons
 a - a +0 quarterstaff (weapon)
Missiles
 d - 3 throwing nets {=f, !d}
 h - 5 javelins (quivered)
 n - 4 needles of sleeping
Armour
 b - a +0 leather armour (worn)
 c - a +0 helmet (worn)
Scrolls
 e - 3 scrolls of teleportation {unknown}
 g - a scroll of identify {unknown}
 j - a scroll of enchant weapon {unknown}
 k - 2 scrolls of immolation {unknown}
 l - a scroll of noise {unknown}
 s - a scroll of remove curse {unknown}
 u - a scroll of magic mapping {unknown}
Potions
 i - a potion of berserk rage {unknown}
 m - a potion of magic {unknown}
 p - a potion of degeneration {unknown}
 q - a potion of cancellation {unknown}
 r - a potion of brilliance {unknown}
Comestibles
 f - 5 bread rations
 o - a beef jerky
 t - a meat ration


   Skills:
 - Level 2.0 Fighting
 + Level 4.9 Staves
 - Level 1.7 Throwing
 - Level 2.6 Dodging


You had 3 spell levels left.
You didn't know any spells.

Dungeon Overview and Level Annotations

Branches:
Dungeon (3/15)

Altars:
Hepliaklqana
Okawaru
Trog


Innate Abilities, Weirdness & Mutations

You have large cloven feet.
You are partially covered in rugged brown scales. (AC +1, +3% HP)


Message History

Orders for allies: a - Attack new target. r - Retreat! s - Stop attacking. g - Guard the area. f - Follow me.
Anything else - Cancel.
Gang up on whom?
Aim: an orc priest, wielding a war axe Attack!
The orc misses you. The orc completely misses you.
The orc priest barely misses you.
Matia barely misses the orc.
The orc priest calls down the wrath of Beogh upon you.
Beogh smites you!
* * * LOW HITPOINT WARNING * * *
The orc hits you but does no damage.
You take 14 damage, and have 2/33 hp.
MASSIVE DAMAGE!!
Matia hits the orc.
The orc closely misses Matia.
The orc hits Matia.
Matia hits the orc priest.
The orc completely misses Matia.
The orc completely misses Matia.
The orc priest invokes the aid of Beogh against you.
Beogh smites you!
You die...

##......o..o......#
##.......######).###
#.........####...#####
+.........'...........
#.........###.##...###
##.......###...###.#
##.....###.....##.#
##...###.o.....#.#
#####@##..R.._.....#
#.....o.o#.......###
#.###.#.###.....##
#.#.# ##...## ....#
##.## ...... ...#
.#....# #### .##..#.#
#. .....#


You could see an orc priest and an orc.

Vanquished Creatures
  6 adders
  An ooze (D:2)
  A dart slug (D:2)
  2 giant geckos
  An orc (D:3)
  11 goblins
  5 hobgoblins
  2 jackals (D:2)
  A ball python (D:2)
  5 bats
  3 giant newts
  5 kobolds
  7 rats
50 creatures vanquished.

Notes
Turn   | Place    | Note
-------+----------+-------------------------------------------
     0 | D:1      | Goblin1989 the Demonspawn Gladiator began the quest for the Orb.
     0 | D:1      | Reached XP level 1. HP: 16/16 MP: 1/1
   431 | D:1      | Reached skill level 3 in Staves
   643 | D:1      | Gained mutation: You have large cloven feet. [demonic ancestry]
   643 | D:1      | Reached XP level 2. HP: 21/22 MP: 2/2
  1037 | D:2      | Gained mutation: You are partially covered in rugged brown scales. (AC +1, +3% HP) [demonic ancestry]
  1037 | D:2      | Reached XP level 3. HP: 9/27 MP: 3/3
  1253 | D:2      | Reached skill level 4 in Staves
  1542 | D:2      | Found an iron altar of Okawaru.
  1759 | D:2      | Reached XP level 4. HP: 28/33 MP: 4/4
  2507 | D:3      | Found a bloodstained altar of Trog.
  2644 | D:3      | Found a hazy altar of Hepliaklqana.
  2652 | D:3      | Became a worshipper of Hepliaklqana
  2661 | D:3      | Killed from afar by an orc priest

Vault maps used:
D:1:      dpeg_arrival_windows_large_door, minmay_pentomino_p4
D:2:      first_bread, okawaru_metal_pillars_1_2
D:3:      lemuel_round_altar, nicolae_ru_great_annihilating_truth,
          ecumenical_altar_1, trog_book

Skill      XL: |  1  2  3 |
---------------+----------+-----
Staves         | 3 4 |  4.9
Fighting       | |  2.0
Throwing       | |  1.7
Dodging        | |  2.6

Action                   |  1- 3 |  4- 6 || total
-------------------------+-------+-------++-------
Melee: Quarterstaff      |   102 |    63 ||   165
       Kick              |    13 |    11 ||    24
  Use: Potion            |     1 |       ||     1
  Eat: Chunk             |     1 |     2 ||     3
       Beef jerky        |       |     1 ||     1
Armor: Leather armour    |    28 |    18 ||    46
Dodge: Dodged            |    56 |    52 ||   108
